AoeStats
← Innocent Civil

Yucatan

510575951Analyzed
3v3 RM · 22h ago on Oct 1, 2026· 33m 10s· 6 players
Game mode
Random Map
Map size
Normal (6 player)
Population
200
Speed
Normal
Resources
Standard
Victory
Conquest
Starting age
Dark Age
Ending age
Imperial Age
RankedLock teamsTeams togetherTeam positionsShared explorationLock speedFull tech treeHidden civsTurbo modeCheats
Victory
Defeat
🇨🇭 Khmer · Switzerland
927
+13
🇨🇭 Vietnamese · Switzerland
914
+14
🇨🇭 Persians · Switzerland
632
+26
🇪🇸 Byzantines · Spain
884
-19
🇨🇭 Varangians · Switzerland
848
-17
🇨🇴 Bohemians · Colombia
840
-17
Mustapha M00n
2:03 Loom
11:57 Feudal Age
12:37 Horse Collar
12:44 Double-Bit Axe
15:49 Wheelbarrow
17:15 Castle Age
Aeroingpierre
10:56 Feudal Age
18:07 Castle Age
19:55 Loom
20:46 Pikeman
21:28 Squires
WoMoNeR
12:04 Feudal Age
14:49 Loom
Innocent Civil
7:51 Loom
10:25 Feudal Age
12:47 Wheelbarrow
13:41 Double-Bit Axe
18:30 Gold Mining
18:38 Fletching
23:24 Castle Age
25:13 Hand Cart
25:07 Bodkin Arrow
25:13 Padded Archer Armor
27:07 Bow Saw
26:48 Horse Collar
27:00 Crossbowman
31:40 Thumb Ring
31:49 Forging
fyfy
2:51 Loom
9:11 Feudal Age
10:50 Double-Bit Axe
16:41 Castle Age
19:15 Bow Saw
21:21 Husbandry
22:04 Gold Mining
22:05 Horse Collar
22:40 Forging
24:27 Iron Casting
24:04 Heavy Plow
25:20 Wheelbarrow
26:09 Gold Shaft Mining
25:26 Stone Mining
26:48 Bloodlines
33:33 Imperial Age
31:27 Scale Barding Armor
32:52 Hand Cart
33:08 Fletching
Tortugabx
12:20 Feudal Age
10:35 Loom
21:45 Castle Age
22:48 Husbandry
30:39 Imperial Age
29:03 Gold Mining
29:04 Double-Bit Axe
29:04 Horse Collar
29:21 Stone Mining
29:42 Scale Barding Armor
29:48 Forging
30:19 Cavalier
32:24 Bow Saw
32:51 Heavy Scorpion
Connection lost

Rejoining the realm…

Still unreachable

The connection could not be restored.

Session expired

The server has moved on; the page needs a fresh start.